 Dungeon Crawl Stone Soup version 0.31-b1-22-gc680215f68 (webtiles) character file.

Game seed: 17182183087564297303

176 Sweeb the Poker (level 5, 0/49 (50) HPs)
             Began as a Naga Fighter on Jan 18, 2024.
             Slain by a wight
             ... wielding a +4 morningstar
              (6 damage)
             ... on level 4 of the Dungeon.
             The game lasted 00:02:46 (2436 turns).

Sweeb the Poker (Naga Fighter)                      Turns: 2436, Time: 00:02:46

HP:   0/49 (50)     AC:  6    Str: 19    XL:     5   Next: 56%
MP:   5/5           EV:  7    Int:  8    God:
Gold: 93            SH:  4    Dex: 12    Spells: 4/4 levels left

rFire   . . .        a - +0 trident
rCold   . . .        c - +0 buckler
rNeg    . . .        b - +0 scale mail
rPois   +            (no helmet)
rElec   .            k - +0 cloak
rCorr   .            (no gloves)
SInv    +            (no barding)
Will    .....        i - amulet of regeneration Stlth
                     (no ring)
HPRegen 1.08/turn    (no ring)
MPRegen 0.09/turn

%: no passive effects
@: lightly drained, very slow
A: AC +1, large, see invisible, deformed body, poison resistance, slowness 2,
spit poison 1, naga tail 1
a: Spit Poison


You were on level 4 of the Dungeon.
You visited 1 branch of the dungeon, and saw 4 of its levels.

You collected 93 gold pieces.

Inventory:

Hand Weapons
 a - a +0 trident (weapon)
Missiles
 m - 2 throwing nets
Armour
 b - a +0 scale mail (worn)
 c - a +0 buckler (worn)
 k - a +0 cloak (worn)
Jewellery
 i - an amulet of regeneration (around neck)
Wands
 p - a wand of flame (14)
Scrolls
 e - 3 scrolls of teleportation {unknown}
 f - a scroll of blinking {unknown}
 g - a scroll of poison {unknown}
 h - 4 scrolls of identify {unknown}
 j - a scroll of noise {unknown}
 o - a scroll of torment {unknown}
Potions
 d - 2 potions of might
 l - a potion of curing {unknown}
 n - a potion of haste {unknown}


   Skills:
 + Level 4.0 Fighting
 * Level 4.1 Polearms
 - Level 2.4 Armour
 + Level 3.5 Shields


You had 4 spell levels left.
You didn't know any spells.
Your spell library contained the following spells:

 Spells                   Type           Power      Damage    Failure   Level
 Ensorcelled Hibernation  Hex/Ice        0%         N/A       94%         2
 Passwall                 Erth           0%         N/A       99%         3
 Swiftness                Air            0%         N/A       99%         3


Dungeon Overview and Level Annotations

Branches:
Dungeon (4/15)
 Temple: D:4-7

Altars:
Fedhas

Annotations:
D:2 1 runed translucent door, Crazy Yiuf
D:4 Pikel


Innate Abilities, Weirdness & Mutations

Your serpentine skin is tough. (AC +1)
You have supernaturally acute eyesight. (SInv)
Armour fits poorly on your strangely shaped body.
Your system is resistant to poisons. (rPois)
You cover ground very slowly.
You can spit poison.
You have a snake-like lower body.


Message History

The orc attacks as it pursues you! You block the orc's attack.
The orc hits you with a +0 flail. The orc closely misses you.
The orc attacks as it pursues you! The orc hits you but does no damage.
Found a leather armour.
The orc attacks as it pursues you! The orc hits you but does no damage.
The orc attacks as it pursues you! The orc hits you with a +0 flail.
The orc hits you but does no damage. The orc hits you with a +0 flail.
Found a thin smoking staff.
The orc hits you with a +0 short sword. The orc barely misses you.
Aiming: Spit Poison (1% risk of failure)
Press: ? - help, Shift-Dir - straight line, f - orc
Aim: an orc, wielding a +0 flail (59% to hit)
The splash of poison hits the orc!
The orc is poisoned.
You kill the orc!
The orc hits you with a +0 short sword.
You open the door.
Pikel and 4 lemures come into view.
Pikel is wielding a +0 whip of flaming and wearing a +1 robe of cold resistance.
Pikel shouts!
The lemure shouts! x3
The wight hits you with a +4 morningstar.
The orc closely misses you. The wight attacks as it pursues you!
You block the wight's attack. The orc hits you but does no damage.
You have got your breath back.
The orc closely misses you.
You open the door. The wight closely misses you.
The orc hits you but does no damage. The wight attacks as it pursues you!
The wight hits you with a +4 morningstar.
You feel drained. The orc hits you with a +0 short sword.
The wight hits you but does no damage.
There is an open door, spattered with blood here.
The wight attacks as it pursues you!
The wight hits you with a +4 morningstar!
The wight hits you with a +4 morningstar!
* * * LOW HITPOINT WARNING * * *
You open the door.
The wight hits you with a +4 morningstar.
You die...

...........
............
...........
..........
...[.....
########+##.....#
#.....'@z5#.....#
#.....#.K.5zoo..#
#.... #...#5z..|#
#... ######.5...#
#######....zo#'###
#...........o#...
#............#...#
#......<)....#...#
#............#...#


You could see Pikel, 4 lemures, 3 wights and 2 orcs.

Vanquished Creatures
  An orc priest (D:3)
  Ijyb (D:4)
  3 gnolls (D:3)
  2 adders (D:2)
  A dart slug (D:2)
  A ribbon worm (D:3)
  4 orcs
  3 ball pythons
  3 bats
  5 endoplasms
  A giant cockroach (D:2)
  5 goblins
  7 hobgoblins
  8 jackals
  4 kobolds
  4 quokkas
  5 frilled lizards
  5 rats
63 creatures vanquished.

Notes
Turn   | Place    | Note
-------+----------+-------------------------------------------
     0 | D:1      | Sweeb the Naga Fighter began the quest for the Orb.
     0 | D:1      | Reached XP level 1. HP: 21/21 MP: 1/1
   154 | D:1      | Reached XP level 2. HP: 28/28 MP: 2/2
   410 | D:1      | Reached XP level 3. HP: 20/34 MP: 3/3
   862 | D:2      | Found a blossoming altar of Fedhas.
   915 | D:2      | Reached XP level 4. HP: 41/42 MP: 4/4
  1123 | D:2      | Found a runed translucent door.
  1124 | D:2      | Identified the +9 hammer of Malaise {heavy, rF++ Will-}
  1124 | D:2      | Noticed Crazy Yiuf
  2302 | D:3      | Reached XP level 5. HP: 40/50 MP: 5/5
  2388 | D:4      | Noticed Ijyb
  2399 | D:4      | Killed Ijyb
  2428 | D:4      | Noticed Pikel
  2428 | D:4      | Noticed a lemure
  2428 | D:4      | Noticed a lemure
  2428 | D:4      | Noticed a lemure
  2428 | D:4      | Noticed a lemure
  2436 | D:4      | Slain by a wight

Illustrated notes

Levels and vault maps discovered:
D:1:      denvon_arrival_waterhouse, layout_basic
D:2:      layout_basic, basic_altar, uniq_crazy_yiuf_cottage
D:3:      layout_basic, minivault_4, kennysheep_generic_room_12
D:4:      layout_gridville, kennysheep_generic_room_6, uniq_pikel, uniq_ijyb

Skill      XL: |  1  2  3  4  5 |
---------------+----------------+-----
Shields        | 3 |  3.5
Polearms       | 3 4 |  4.1
Fighting       | 4 |  4.0
Armour         | |  2.4

Action                     |  1- 3 |  4- 6 || total
---------------------------+-------+-------++-------
  Melee: Trident           |    93 |    96 ||   189
Ability: Spit Poison       |     1 |     4 ||     5
 Armour: Scale mail        |    68 |    66 ||   134
  Dodge: Dodged            |    25 |    26 ||    51
  Block: Buckler           |    18 |    19 ||    37
